 Dungeon Crawl Stone Soup version 0.28.0-62-gf88900778d (webtiles) character file.

Game seed: 18429862210968598332

82 Mickster the Poker (level 4, -5/33 HPs)
             Began as a Demonspawn Wanderer on Mar 4, 2023.
             Slain by a gnoll
             ... wielding a +0 halberd
              (11 damage)
             ... on level 4 of the Dungeon.
             The game lasted 00:27:56 (2877 turns).

Mickster the Poker (Demonspawn Wanderer)            Turns: 2877, Time: 00:27:59

Health: -5/33      AC:  7    Str: 15    XL:     4   Next: 21%
Magic:  4/4        EV: 11    Int: 11    God:
Gold:   71         SH:  0    Dex: 14    Spells: 3/3 levels left

rFire   . . .      SeeInvis .   a - +2 spear
rCold   . . .      Faith    .   (no shield)
rNeg    . . .      Spirit   .   e - +0 ring mail
rPois   +          Reflect  .   c - +0 helmet
rElec   .          Harm     .   k - +0 cloak
rCorr   .          Rampage  .   (no gloves)
Will    +....                   (no boots)
Stlth   +.........              (no amulet)
HPRegen 0.11/turn               o - ring of poison resistance
MPRegen 0.09/turn               p - ring of willpower

@: no status effects
A: claws 1
a: no special abilities


You were on level 4 of the Dungeon.
You visited 1 branch of the dungeon, and saw 4 of its levels.

You collected 71 gold pieces.

Inventory:

Hand Weapons
 a - a +2 spear (weapon)
 l - a +0 rapier
Missiles
 f - 24 bolts
 g - 4 curare-tipped darts (quivered)
 j - 20 sling bullets
Armour
 c - a +0 helmet (worn)
 d - a +1 leather armour
 e - a +0 ring mail (worn)
 k - a +0 cloak (worn)
Jewellery
 o - a ring of poison resistance (left claw)
 p - a ring of willpower (right claw)
Scrolls
 b - a scroll of identify
 h - a scroll of amnesia
 n - a scroll of fear {unknown}
Potions
 i - a potion of flight
 m - a potion of curing


   Skills:
 + Level 1.7 Fighting
 * Level 3.6 Polearms
 + Level 1.0 Throwing
 + Level 1.0 Armour
 + Level 3.3 Dodging
 + Level 0.2 Stealth
 + Level 1.0 Unarmed Combat
 + Level 1.0 Evocations


You had 3 spell levels left.
You didn't know any spells.
Your spell library was empty.

Dungeon Overview and Level Annotations

Branches:
Dungeon (4/15)
 Temple: D:4-7

Altars:


Innate Abilities, Weirdness & Mutations

You have sharp fingernails.


Message History

The adder closely misses you.
You barely miss the adder.
The adder is moderately wounded.
The gnoll hits you but does no damage. The adder completely misses you.
You barely miss the adder.
The adder is moderately wounded.
The adder bites you.
The gnoll hits you from afar with a +0 spear.
You barely miss the adder.
The adder is moderately wounded.
The adder bites you. The gnoll barely misses you.
You miss the adder.
The adder is moderately wounded.
The adder closely misses you. The adder bites you but does no damage.
You hit the adder.
The adder is heavily wounded.
A gnoll comes into view. It is wielding a +0 club.
The adder barely misses you.
The gnoll shouts!
You hit the adder.
You kill the adder!
The gnoll hits you but does no damage. The gnoll barely misses you.
You see here an adder corpse.
The gnoll hits you but does no damage.
You see here an amulet of magic regeneration.
You closely miss the gnoll. The gnoll barely misses you.
The gnoll hits you with a +0 halberd!
You hit the gnoll.
The gnoll is heavily wounded.
The gnoll barely misses you. The gnoll misses you.
You hit the gnoll.
The gnoll is severely wounded.
The gnoll hits you with a +0 spear. The gnoll misses you.
You hit the gnoll but do no damage.
The gnoll is severely wounded.
The gnoll hits you with a +0 spear.
* * * LOW HITPOINT WARNING * * *
The gnoll throws a throwing net.
The throwing net barely misses you. The gnoll hits you with a +0 halberd!
You die...

#..........##.
###.............
................
................
#...!..........
......g.....#
.......g....#
... ##g@†# #
.....#....#..##.
#....<........
##........#...
##...#:......
#.....##(.###
#..... ..#
.......# .##
....###..


You could see 3 gnolls.

Vanquished Creatures
  4 adders
  A worm (D:2)
  2 dart slugs
  A bat (D:2)
  5 endoplasms
  A giant cockroach (D:1)
  4 goblins
  5 hobgoblins
  4 kobolds
  A quokka (D:2)
  4 ball pythons
  2 frilled lizards
  4 rats
38 creatures vanquished.

Notes
Turn   | Place    | Note
-------+----------+-------------------------------------------
     0 | D:1      | Mickster the Demonspawn Wanderer began the quest for the
                  | Orb.
     0 | D:1      | Mickster set off with the following items: a +2 spear, a
                  | scroll of fog, a +0 helmet, a +0 leather armour
     0 | D:1      | Reached XP level 1. HP: 15/15 MP: 1/1
   179 | D:1      | Gained mutation: You have sharp fingernails. [demonic
                  | ancestry]
   179 | D:1      | Reached XP level 2. HP: 18/21 MP: 2/2
   627 | D:1      | HP: 1/21 [kobold/+0 whip (5)]
  1249 | D:2      | Reached XP level 3. HP: 26/26 MP: 3/3
  1674 | D:2      | Found a faded altar of an unknown god.
  2347 | D:3      | Reached XP level 4. HP: 23/33 MP: 4/4
  2551 | D:3      | Reached skill level 1 in Armour
  2877 | D:4      | Slain by a gnoll

Illustrated notes

Levels and vault maps discovered:
D:1:      evilmike_arrival_crescent, layout_basic, serial_forest,
          infiniplex_forest_corner_1, infiniplex_forest_end_3,
          infiniplex_forest_zigzag_1, infiniplex_forest_clump_tiny,
          infiniplex_forest_lined_corner, infiniplex_forest_clump_tiny
D:2:      layout_loops_ring, ebering_ecumenical_altar_rust,
          kennysheep_minor_cross
D:3:      layout_basic
D:4:      layout_cave_pools, minmay_temple_entry_butterflies, grunt_decor_cap

Skill      XL: |  1  2  3  4 |
---------------+-------------+-----
Polearms       | 3 |  3.6
Dodging        | 3 |  3.3
Armour         | 1 |  1.0
Fighting       | |  1.7
Throwing       | |  1.0
Stealth        | |  0.2
Unarmed Combat | |  1.0
Evocations     | |  1.0

Action                   |  1- 3 |  4- 6 || total
-------------------------+-------+-------++-------
Melee: Spear             |   118 |    16 ||   134
       Punch             |     1 |       ||     1
Throw: Dart              |     4 |     1 ||     5
  Use: Scroll            |     7 |       ||     7
       Potion            |     3 |     1 ||     4
 Stab: Sleeping          |     1 |       ||     1
Armor: Leather armour    |    32 |       ||    32
       Ring mail         |     5 |     5 ||    10
Dodge: Dodged            |    81 |    14 ||    95
